 Dungeon Crawl Stone Soup version 0.29-a0-231-g945431f764 (webtiles) character file.

Game seed: 1198508512752267987

649 Ajdolov the Bolt Thrower (level 7, -1/51 HPs)
             Began as a Formicid Hunter on Feb 28, 2022.
             Was an Initiate of Fedhas.
             Slain by a steam dragon (9 damage)
             ... on level 6 of the Dungeon.
             The game lasted 00:11:45 (6731 turns).

Ajdolov the Bolt Thrower (Formicid Hunter)          Turns: 6731, Time: 00:11:46

Health: -1/51      AC:  4    Str: 16    XL:     7   Next: 83%
Magic:  7/7        EV: 12    Int: 11    God:    Fedhas [......]
Gold:   135        SH:  0    Dex: 19    Spells: 6/6 levels left

rFire   . . .      SeeInvis +   a - +1 hand crossbow
rCold   . . .      Faith    .   (no shield)
rNeg    . . .      Spirit   .   h - +0 leather armour
rPois   .          Reflect  .   (helmet unavailable)
rElec   .          Harm     .   (no cloak)
rCorr   .          Rampage  .   e - +0 pair of gloves
Will    .....                   (no boots)
Stlth   ++........              (no amulet)
HPRegen 0.17/turn               c - ring of wizardry
MPRegen 0.10/turn               k - +6 ring of dexterity

@: no status effects
A: permanent stasis, dig shafts and tunnels, antennae 3, four strong arms
a: Dig, Shaft Self, Renounce Religion


You were on level 6 of the Dungeon.
You worshipped Fedhas.
Fedhas was noncommittal.
You visited 2 branches of the dungeon, and saw 7 of its levels.

You collected 225 gold pieces.
You spent 90 gold pieces at shops.

Inventory:

Hand Weapons
 a - a +1 hand crossbow (weapon)
 b - a +0 falchion
Armour
 e - a +0 pair of gloves (worn)
 h - a +0 leather armour (worn)
Jewellery
 c - a ring of wizardry (left hand)
 k - a +6 ring of dexterity (right hand)
 l - a ring of magical power
Scrolls
 d - 3 scrolls of identify {unknown}
 g - a scroll of vulnerability {unknown}
Potions
 i - a potion of attraction {unknown}
 j - a potion of heal wounds {unknown}


   Skills:
 + Level 2.6 Fighting
 * Level 7.9 Crossbows
 - Level 3.9 Armour
 - Level 1.7 Dodging
 - Level 1.2 Stealth


You had 6 spell levels left.
You didn't know any spells.
Your spell library contained the following spells:

 Spells                   Type           Power      Damage    Failure   Level
 Summon Small Mammal      Summ           0%         N/A       16%         1
 Call Canine Familiar     Summ           0%         N/A       43%         3
 Summon Guardian Golem    Hex/Summ       0%         N/A       43%         3
 Passage of Golubria      Tloc           0%         N/A       82%         4
 Fireball                 Conj/Fire      0%         3d3       98%         5
 Iskenderun's Battlesphe  Conj           0%         2d6       98%         5
 Silence                  Hex/Air        0%         N/A       98%         5
 Conjure Ball Lightning   Conj/Air       0%         3x3d6     100%        6
 Orb of Destruction       Conj           0%         9d5       100%        7
 Spellforged Servitor     Conj/Summ      0%         N/A       100%        7
 Lehudib's Crystal Spear  Conj/Erth      0%         10d2      100%        8


Dungeon Overview and Level Annotations

Branches:
Dungeon (6/15)             Temple (1/1) D:4

Altars:
Elyvilon
Fedhas
Makhleb
Nemelex Xobeh
Trog
Uskayaw

Shops:
D:3 !

Annotations:
D:5 Eustachio


Innate Abilities, Weirdness & Mutations

You cannot be hasted, slowed, berserked, paralysed or teleported.
You can dig through walls and to a lower floor.
You have a pair of large antennae on your head. (SInv)
Your four strong arms can wield two-handed weapons with a shield.


Message History

You are confused.
The steam dragon breathes steam at you. The ball of steam hits you!!
The orc wizard closely misses you.
You barely miss the orc wizard.
You are engulfed in a cloud of scalding steam.
The orc wizard is engulfed in a cloud of scalding steam.
The orc wizard barely misses you.
The orc wizard is engulfed in a cloud of scalding steam.
You bump into the rock wall.
The orc wizard misses you.
You're too confused to move!
You are engulfed in a cloud of scalding steam.
The orc wizard barely misses you.
The orc wizard gestures wildly while chanting.
The orc wizard flickers and vanishes for a moment.
There is a stone staircase leading up here.
You feel better. The steam dragon closely misses you.
The steam dragon claws you but does no damage.
The orc wizard is engulfed in a cloud of scalding steam.
The steam dragon breathes steam at you. The ball of steam misses you.
The steam dragon breathes steam at you. The ball of steam hits you!
You are engulfed in a cloud of scalding steam.
* * * LOW HITPOINT WARNING * * *
Really walk into that cloud of steam?
Okay, then.
Shoot: a) +1 hand crossbow
Press: ? - help, Q - select action, (/) - cycle Shift-Dir - straight line, f - steam dragon
Aim: a steam dragon (steam, catching its breath, 67% to hit)
You shoot a bolt. The bolt hits the steam dragon!
The steam dragon is moderately wounded.
Shoot: a) +1 hand crossbow
Press: ? - help, Q - select action, (/) - cycle Shift-Dir - straight line, f/p - steam dragon
Aim: a steam dragon (steam, moderately wounded, 67% to hit)
You shoot a bolt.
The bolt barely misses the steam dragon.
The steam dragon bites you but does no damage.
The steam dragon misses you. The steam dragon bites you!
You die...
Fedhas appreciates your contribution to the ecosystem.

............##.........)..#
##..............#########.#
o..##..........## #.#
#####.......<..### #.#
#..........{o# #.#
#####.##......§#.# #.#
....(.##....^..#§# #####÷#
#####.##......§#D# #.....#
#####.#####..###@# #.#####
#............# #§# #.#
..##...####..# #§# #.#
#............# #.# #.#
#.##...####..###.####.#
#.###.#####..#.....##.#
#.###............#.##.#
#.##...####....#......#
.#.......<...#.#.#.####


You could see a steam dragon.

Vanquished Creatures
  An ice beast (D:5)
  A centaur (D:4)
  A phantom (D:4)
  An orc priest (D:3)
  A hound (D:5)
  A jelly (D:6)
  Ijyb (D:4)
  2 iguanas
  2 orc wizards (D:3)
  8 adders
  A shadow imp (D:6)
  A worm (D:2)
  6 dart slugs
  15 orcs
  4 bats
  5 endoplasms
  A giant cockroach (D:1)
  7 goblins
  8 hobgoblins
  6 jackals
  5 quokkas
  4 ball pythons
  3 frilled lizards
  4 kobolds (D:4)
  6 rats
95 creatures vanquished.

Notes
Turn   | Place    | Note
-------+----------+-------------------------------------------
     0 | D:1      | Ajdolov the Formicid Hunter began the quest for the Orb.
     0 | D:1      | Reached XP level 1. HP: 16/16 MP: 1/1
   101 | D:1      | Reached XP level 2. HP: 22/22 MP: 2/2
   518 | D:1      | Reached XP level 3. HP: 26/27 MP: 3/3
   553 | D:1      | Reached skill level 5 in Crossbows
  1207 | D:2      | Found a faded altar of an unknown god.
  1262 | D:2      | Reached XP level 4. HP: 33/33 MP: 4/4
  1449 | D:3      | Found Veshrau's Distillery.
  1460 | D:3      | Bought a potion of curing for 30 gold pieces
  1460 | D:3      | Bought a potion of curing for 30 gold pieces
  1460 | D:3      | Bought a potion of curing for 30 gold pieces
  1499 | D:3      | Reached skill level 1 in Armour
  2034 | D:3      | Reached XP level 5. HP: 28/38 MP: 5/5
  2234 | D:3      | Reached skill level 6 in Crossbows
  2834 | D:3      | Reached XP level 6. HP: 44/44 MP: 6/6
  2967 | D:4      | Noticed Ijyb
  3858 | D:4      | Killed Ijyb
  4254 | D:4      | Reached skill level 7 in Crossbows
  4605 | D:4      | Found a staircase to the Ecumenical Temple.
  4611 | Temple   | Entered the Ecumenical Temple
  4621 | Temple   | Became a worshipper of Fedhas Madash
  4684 | D:4      | Reached XP level 7. HP: 49/50 MP: 7/7
  5453 | D:5      | Entered Level 5 of the Dungeon
  5467 | D:5      | Noticed Eustachio
  5982 | D:6      | Noticed a steam dragon
  6731 | D:6      | Slain by a steam dragon

Illustrated notes

Levels and vault maps discovered:
D:1:      scummos_arrival_hexagon, layout_loops_ring, kennysheep_nondescript
D:2:      layout_loops_ring, ebering_ecumenical_altar_hall, minmay_distorted
D:3:      layout_basic, serial_shops, shop
D:4:      layout_basic, minmay_temple_entry_fiery, kennysheep_generic_room_6,
          uniq_ijyb
D:5:      layout_layer_cave, uniq_menkaure, uniq_eustachio
D:6:      layout_loops_ring
Temple:   nicolae_temple_the_god_donut

Skill      XL: |  1  2  3  4  5  6 |
---------------+-------------------+-----
Crossbows      | 5 6 7 |  7.9
Armour         | 1 2 3 |  3.9
Fighting       | |  2.6
Dodging        | |  1.7
Stealth        | |  1.2

Action                   |  1- 3 |  4- 6 |  7- 9 || total
-------------------------+-------+-------+-------++-------
Melee: Falchion          |       |       |    27 ||    27
       Quarterstaff      |       |       |    13 ||    13
       Hand crossbow     |       |       |     1 ||     1
 Fire: Hand crossbow     |    86 |   191 |    51 ||   328
 Abil: Dig               |     1 |       |       ||     1
  Use: Potion            |       |     3 |     1 ||     4
Armor: Leather armour    |     9 |    28 |    12 ||    49
Dodge: Dodged            |    21 |    83 |    51 ||   155

Table legend: (Time is in decaauts)
 A = Elapsed time spent in this place.
 B = Non-inter-level travel time spent in this place.
 C = Inter-level travel time spent in this place.
 D = Time resting spent in this place.
 E = Time spent auto-exploring this place.
 F = Levels seen in this place.
 G = Mean time per level.
                   A        B        C        D        E       F      G
               +--------+--------+--------+--------+--------+-----+--------+
         Total |   6819 |   6575 |    244 |   2363 |   3004 |   7 |  974.1 |
       Dungeon |   6802 |   6564 |    238 |   2363 |   3001 |   6 | 1133.7 |
        Temple |     17 |     11 |      6 |      0 |      3 |   1 |   17.0 |
               +--------+--------+--------+--------+--------+-----+--------+

Top non-repeatable levels by time:
     D:3: 2070 daAuts
     D:4: 1865 daAuts
     D:1: 984 daAuts
     D:2: 747 daAuts
     D:6: 592 daAuts
     D:5: 541 daAuts
  Temple: 17 daAuts
